 Dungeon Crawl Stone Soup version 0.28.0-53-g5a82cb258f (webtiles) character file.

Game seed: 9205512520737894089

246088 Peloso the Hoplite (level 19, -6/162 HPs)
             Began as a Minotaur Fighter on July 31, 2022.
             Was the Champion of Okawaru.
             Mangled by a salamander
             ... wielding a +0 glaive
              (18 damage)
             ... on level 3 of the Snake Pit on Aug 5, 2022.
             The game lasted 01:54:12 (46587 turns).

Peloso the Hoplite (Minotaur Fighter)              Turns: 46587, Time: 01:54:13

Health: -6/162     AC: 33    Str: 23    XL:     19   Next: 52%
Magic:  21/21      EV: 10    Int:  3    God:    Okawaru [******]
Gold:   4257       SH: 21    Dex: 20    Spells: 18/18 levels left

rFire   + + .      SeeInvis +   a - +9 double sword of the Priest {freeze, rElec rN+}
rCold   + . .      Faith    .   e - +3 kite shield of Leaves {rF+ Will++ Dex+4}
rNeg    + . .      Spirit   .   k - +8 plate armour of Knowledge {Rampage rCorr Str-2 SInv}
rPois   .          Reflect  .   A - +0 hat {SInv}
rElec   +          Harm     .   s - scarf {rC+ rF+}
rCorr   +          Rampage  +   l - +0 pair of gloves
Will    +++..                   U - +1 pair of boots {Fly}
Stlth   ..........              (no amulet)
HPRegen 0.37/turn               T - +4 ring of slaying
MPRegen 0.17/turn               N - ring of resist corrosion

@: lethally poisoned (-6 -> -56), marked, flying, unable to read
A: horns 2, retaliatory headbutt, iridescent scales 1, thin skeletal structure
1, dopey 1, frail 1, inability to read while threatened
a: Renounce Religion, Heroism, Finesse, Duel


You were on level 3 of the Snake Pit.
You worshipped Okawaru.
Okawaru was exalted by your worship.
You visited 6 branches of the dungeon, and saw 30 of its levels.
You also visited: Bailey, Gauntlet and Ice Cave.

You collected 4590 gold pieces.
You spent 333 gold pieces at shops.

Inventory:

Hand Weapons
 a - the +9 double sword of the Priest (weapon) {freeze, rElec rN+}
   (You found it on level 6 of the Lair of Beasts)

   It freezes those it strikes, dealing additional cold damage.
   It can also slow down cold-blooded creatures.
   rElec:     It insulates you from electricity.
   rN:        It protects you from negative energy.
 b - the +7 long sword "Ubrept" {vorpal, rElec Will+ SInv}
   (Okawaru gifted it to you on level 6 of the Lair of Beasts)

   It inflicts extra damage upon your enemies.
   rElec:     It insulates you from electricity.
   SInv:      It lets you see invisible.
   Will:      It increases your willpower.
 c - a +2 scimitar of flaming
Missiles
 w - a throwing net (quivered)
Armour
 e - the +3 kite shield of Leaves (worn) {rF+ Will++ Dex+4}
   (Okawaru gifted it to you on level 12 of the Dungeon)

   Dex:       It affects your dexterity (+4).
   rF:        It protects you from fire.
   Will:      It greatly increases your willpower.
 g - the +7 tower shield "Baostap" {rN+ Will++}
   (Okawaru gifted it to you on level 3 of the Elven Halls)

   rN:        It protects you from negative energy.
   Will:      It greatly increases your willpower.
 k - the +8 plate armour of Knowledge (worn) {Rampage rCorr Str-2 SInv}
   (You found it on level 3 of the Dungeon)

   Str:       It affects your strength (-2).
   SInv:      It lets you see invisible.
   rCorr:     It protects you from acid and corrosion.
   Rampage:   It bestows one free step when moving towards enemies.
 l - a +0 pair of gloves (worn)
 s - a scarf of resistance (worn)
 A - a +0 hat of see invisible (worn)
 U - a +1 pair of boots of flying (worn)
Jewellery
 f - a ring of protection from fire
 h - a +6 ring of dexterity
 p - the ring of the Hare {EV+8}
   (You took it off a deep elf archer on level 3 of the Elven Halls)

   [ring of evasion]

   EV:        It affects your evasion (+8).
 r - the ring "Zumonlam" {rPois rCorr Str+3}
   (You took it off a deep elf death mage on level 3 of the Elven Halls)

   [ring of resist corrosion]

   Str:       It affects your strength (+3).
   rPois:     It protects you from poison.
   rCorr:     It protects you from acid and corrosion.
 u - a ring of protection from fire
 x - the ring of Zin's Righteous Fury {rElec Will+}
   (You found it on level 3 of the Elven Halls)

   [ring of willpower]

   rElec:     It insulates you from electricity.
   Will:      It increases your willpower.
 I - an amulet of guardian spirit
 N - a ring of resist corrosion (right hand)
 T - a +4 ring of slaying (left hand)
Wands
 v - a wand of acid (2)
 y - a wand of polymorph (4)
 H - a wand of flame (14)
Scrolls
 d - 2 scrolls of acquirement
 j - a scroll of enchant weapon
 n - 2 scrolls of silence
 q - 8 scrolls of blinking
 B - 10 scrolls of teleportation
 G - a scroll of enchant armour
 O - 3 scrolls of immolation
 W - 3 scrolls of magic mapping
 Y - 2 scrolls of fear
Potions
 i - 10 potions of curing
 m - 4 potions of haste
 o - 4 potions of resistance
 z - 3 potions of might
 D - a potion of magic
 E - a potion of heal wounds
 F - a potion of invisibility
 L - 2 potions of berserk rage
Miscellaneous
 t - a phantom mirror
 C - a lightning rod (4/4)


   Skills:
 + Level 18.9 Fighting
 + Level 0.5(12.4) Short Blades
 + Level 20.4 Long Blades
 + Level 0.6(1.1) Axes
 + Level 1.0(1.3) Maces & Flails
 + Level 0.6(1.0) Polearms
 + Level 0.6(1.1) Staves
 + Level 0.5(0.7) Slings
 + Level 0.5 Bows
 + Level 1.0 Crossbows
 + Level 0.4(0.6) Throwing
 + Level 18.4 Armour
 + Level 5.2 Dodging
 + Level 2.4 Stealth
 + Level 23.6 Shields
 + Level 1.0 Unarmed Combat
 + Level 0.2 Spellcasting
 + Level 0.2 Conjurations
 + Level 0.2 Hexes
 + Level 0.2 Summonings
 + Level 0.2 Necromancy
 + Level 0.5 Translocations
 + Level 0.3 Transmutations
 + Level 0.2 Fire Magic
 + Level 0.2 Ice Magic
 + Level 0.2 Air Magic
 + Level 0.3 Earth Magic
 + Level 0.2 Poison Magic
 + Level 4.4 Invocations
 + Level 1.9 Evocations


You had 18 spell levels left.
You didn't know any spells.
Your spell library contained the following spells:

 Spells                   Type           Power      Damage    Failure   Level
 Apportation              Tloc           0%         N/A       98%         1
 Foxfire                  Conj/Fire      0%         2x1d4     99%         1
 Magic Dart               Conj           0%         1d3       99%         1
 Sting                    Tmut/Pois      0%         1d3       99%         1
 Blink                    Tloc           0%         N/A       99%         2
 Corpse Rot               Necr/Air       0%         N/A       99%         2
 Passwall                 Tmut/Erth      0%         N/A       99%         2
 Poisonous Vapours        Pois/Air       0%         N/A       99%         2
 Static Discharge         Conj/Air       0%         N/A       99%         2
 Sublimation of Blood     Necr           0%         N/A       99%         2
 Wereblood                Tmut           0%         N/A       99%         2
 Ensorcelled Hibernation  Hex/Ice        0%         N/A       100%        2
 Conjure Flame            Conj/Fire      0%         6-21      100%        3
 Dazzling Flash           Conj/Hex       0%         N/A       100%        3
 Frozen Ramparts          Ice            0%         1d2       100%        3
 Ignite Poison            Fire/Tmut/Pois 0%         N/A       100%        3
 Lesser Beckoning         Tloc           0%         N/A       100%        3
 Mephitic Cloud           Conj/Pois/Air  0%         N/A       100%        3
 Ozocubu's Armour         Ice            0%         N/A       100%        3
 Portal Projectile        Hex/Tloc       0%         N/A       100%        3
 Stone Arrow              Conj/Erth      0%         3d7       100%        3
 Swiftness                Air            0%         N/A       100%        3
 Anguish                  Hex/Necr       0%         N/A       100%        4
 Cause Fear               Hex            0%         N/A       100%        4
 Ice Form                 Ice/Tmut       0%         N/A       100%        4
 Passage of Golubria      Tloc           0%         N/A       100%        4
 Sticky Flame             Conj/Fire      0%         2d3       100%        4
 Alistair's Intoxication  Tmut/Pois      0%         N/A       100%        5
 Blade Hands              Tmut           0%         N/A       100%        5
 Excruciating Wounds      Necr           0%         N/A       100%        5
 Fireball                 Conj/Fire      0%         3d3       100%        5
 Freezing Cloud           Conj/Ice/Air   0%         6-21      100%        5
 Irradiate                Conj/Tmut      0%         3d13      100%        5
 Iskenderun's Battlesphe  Conj           0%         2d6       100%        5
 Manifold Assault         Tloc           0%         N/A       100%        5
 Yara's Violent Unravell  Hex/Tmut       0%         3d3       100%        5
 Conjure Ball Lightning   Conj/Air       0%         3x3d6     100%        6
 Eringya's Noxious Bog    Tmut/Pois      0%         N/A       100%        6
 Statue Form              Tmut/Erth      0%         N/A       100%        6
 Enfeeble                 Hex            0%         N/A       100%        7
 Orb of Destruction       Conj           0%         9d5       100%        7
 Ozocubu's Refrigeration  Ice            0%         4d5       100%        7
 Necromutation            Tmut/Necr      0%         N/A       100%        8
 Polar Vortex             Ice            0%         N/A       100%        9
 Call Imp                 Summ           Unusable   N/A       N/A         2
 Call Canine Familiar     Summ           Unusable   N/A       N/A         3
 Tukima's Dance           Hex            Unusable   N/A       N/A         3
 Summon Ice Beast         Ice/Summ       Unusable   N/A       N/A         4
 Summon Forest            Summ/Tloc      Unusable   N/A       N/A         5
 Simulacrum               Ice/Necr       Unusable   N/A       N/A         6
 Summon Cactus Giant      Summ           Unusable   N/A       N/A         6
 Malign Gateway           Summ/Tloc      Unusable   N/A       N/A         7
 Spellforged Servitor     Conj/Summ      Unusable   N/A       N/A         7
 Summon Hydra             Summ           Unusable   N/A       N/A         7

Dungeon Overview and Level Annotations

Branches:
Dungeon (15/15)            Temple (1/1) D:7            Lair (6/6) D:9
  Swamp (0/4) Lair:4        Snake (3/4) Lair:4        Slime (0/5) Lair:6
    Orc (2/2) D:11            Elf (3/3) Orc:2        Vaults (0/5) D:14
 Depths (0/4) D:15         Bailey (visited)           IceCv (visited)
Gauntlet (visited)

Altars:
Ashenzari
Cheibriados
Dithmenos
Fedhas
Hepliaklqana
Kikubaaqudgha
Makhleb
Nemelex Xobeh
Okawaru
Ru
Sif Muna
Uskayaw
Vehumet
Yredelemnul
The Shining One

Shops:
D:1 [   D:9 =   Orc:1 ?   Orc:2 (([=   Elf:2 (

Portals:
Abyss: Lair:5

Annotations:
Lair:1 Casa
Elf:2 3 runed translucent doors


Innate Abilities, Weirdness & Mutations

You have a pair of horns on your head.
You reflexively headbutt those who attack you in melee.
You are partially covered in iridescent scales. (AC +2)
You have a somewhat thin skeletal structure. (Dex +2, Stealth+)
You are dopey. (Int -2)
You are frail. (-10% HP)
You sometimes lose the ability to read scrolls when taking damage.


Message History

You feel much better. You block the fire elemental's attack.
You block the black mamba's attack.
The sea snake bites you but does no damage.
The black mamba bites you but does no damage.
The salamander hits you but does no damage.
You block the sea snake's attack. You block the fire elemental's attack.
The black mamba barely misses you. You furiously retaliate!
You headbutt the black mamba.
You feel much better.
The naga mage no longer looks unusually strong.
You block the black mamba's attack.
The sea snake bites you but does no damage.
You block the black mamba's attack.
The sea snake bites you but does no damage.
The black mamba barely misses you. You block the fire elemental's attack.
You block the sea snake's attack.
You closely miss the sea snake. You block the black mamba's attack. x2
The sea snake bites you! The fire elemental hits you.
The fire elemental burns you! You resist.
A naga mage comes into view. It is wielding a +0 spear.
The salamander hits you from afar with a +0 glaive!!
* * * LOW HITPOINT WARNING * * *
You are engulfed in flames.
You resist.
* * * LOW HITPOINT WARNING * * *
You block the black mamba's attack. The sea snake bites you.
* * * LOW HITPOINT WARNING * * *
You are lethally poisoned!
The sea snake poisons you! You block the black mamba's attack.
You hit the sea snake but do no damage. You headbutt the sea snake!
The sea snake is lightly wounded.
* * * LOW HITPOINT WARNING * * *
You feel extremely sick.
The sea snake bites you but does no damage.
You block the black mamba's attack.
A naga comes into view. It is wielding a +0 battleaxe.
The fire elemental hits you. The fire elemental burns you! You resist.
* * * LOW HITPOINT WARNING * * *
You block the black mamba's attack.
The salamander hits you from afar with a +0 glaive!!
You die...

###................#####
.##....................#
..##......#........#####
.<##.....##........####
..#.....###...........#
......####........#.###
.....## #........####
....## ...#.NSSS##
...... . #NNS@E.##.#
...... ....(NS##[....#
...... ......[ ##...##
...... ..<.N.○ ....#
.....# ....... ....#
....## .NN...E ..###
...... ..○##.. ..#
#..... °.# ##. ..# .....
..#


You could see a naga warrior (strong), 2 sea snakes, a salamander (strong), 3
black mambas, 3 naga magi, a fire elemental and 2 nagas.

Vanquished Creatures
  A lich (D:12)
  Jorgrun (Orc:2)
  Mlioglotl (Snake:1)
  2 deep elf master archers (Elf:3)
  2 deep elf blademasters
  A sphinx (D:12)
  Gastronok (D:12)
  A tengu reaver (D:12)
  Kirke (D:12)
  A frost giant (IceCv)
  11 deep elf sorcerers
  A cacodemon (Gauntlet)
  An orc warlord (Bailey)
  Aizul (Elf:3)
  2 deep elf elementalists (Elf:3)
  The ghost of Mumum the Arsonist, a journeyman DrFE of Vehumet (Lair:5)
  5 deep elf demonologists (Elf:3)
  Nessos (Lair:5)
  Azrael (Snake:3)
  A dire elephant (Lair:6)
  A minotaur (Gauntlet)
  6 deep elf annihilators (Elf:3)
  An ettin (D:15)
  8 deep elf death magi (Elf:3)
  2 deep elf high priests (Elf:3)
  Josephine (D:10)
  A fire dragon (Lair:6)
  The ghost of kalagan the Thaumaturge, a journeyman DECj of Sif Muna (Lair:4)
  5 naga warriors
  3 catoblepae
  A hydra (shapeshifter) (Gauntlet)
  10 hydras
  6 boulder beetles
  An ogre mage (D:15)
  A death knight (D:15)
  Erica (Orc:1)
  The ghost of Condegh the Nimble, a journeyman FeSu of Gozag (D:12)
  6 anacondas
  17 dancing weapons
  9 two-headed ogres
  5 centaur warriors
  A hell hog (Lair:5)
  A thrashing horror (Lair:5)
  4 shock serpents
  23 death yaks
  An orc high priest (Orc:2)
  Nergalle (D:11)
  Sonja (Orc:2)
  5 naga sharpshooters
  5 deep elf knights
  2 salamander mystics
  15 skeletal warriors
  A wretched star (Lair:5)
  4 sea snakes
  3 deep trolls (D:15)
  A swamp dragon (Lair:6)
  2 naga ritualists
  11 deep elf archers
  5 orc knights
  2 wizards
  23 deep elf pyromancers
  A necromancer (D:12)
  2 mana vipers (Snake:1)
  26 deep elf zephyrmancers
  A lindwurm (Lair:6)
  9 ugly things
  An oklob plant (Gauntlet)
  6 orc sorcerers
  8 cyclopes
  7 wolf spiders
  3 manticores
  A moth of wrath (shapeshifter) (D:8)
  8 salamanders (Snake:2)
  4 guardian serpents (Snake:2)
  22 elephants
  21 black mambas
  10 naga magi
  An ice statue (IceCv)
  The ghost of Plasmagod the Destroyer, a novice DECj of Vehumet (D:7)
  2 gargoyles
  11 cane toads
  A torpor snail (Lair:6)
  2 orange demons (Lair:5)
  2 unseen horrors
  4 rime drakes
  A yaktaur (D:14)
  10 komodo dragons
  A tengu conjurer (D:15)
  6 trolls
  3 freezing wraiths (D:15)
  A queen bee (D:13)
  A tyrant leech (Lair:4)
  12 polar bears
  A wolf spider simulacrum (D:14)
  4 meliai (D:13)
  A polar bear (shapeshifter) (D:13)
  4 hornets
  18 blink frogs
  10 dream sheep (Lair:6)
  4 slime creatures
  4 spriggans
  2 air elementals (Elf:2)
  2 water elementals
  4 wyverns
  3 vampires
  7 wraiths
  83 yaks
  6 basilisks
  3 humans (D:12)
  9 redbacks (D:12)
  4 steam dragons
  A hog (shapeshifter) (Elf:1)
  2 death yak simulacra (D:12)
  10 fire elementals
  A chaos spawn (Lair:5)
  10 vampire mosquitoes
  2 neqoxecs (Gauntlet)
  6 wargs
  Menkaure (D:7)
  4 acid dragons
  24 nagas
  4 swamp worms (Lair:4)
  26 water moccasins
  3 hell hounds (Snake:3)
  A necrophage (D:5)
  A swamp drake (Lair:6)
  An ice beast (D:8)
  A sky beast (D:5)
  7 ogres
  26 orc warriors
  4 black bears
  44 wolves
  11 centaurs
  A phantom (D:5)
  4 kobold brigands (D:8)
  16 bullfrogs
  A scorpion (D:6)
  2 gnoll sergeants
  3 water moccasin zombies
  A two-headed ogre simulacrum (D:12)
  A wyvern skeleton (D:5)
  A cane toad simulacrum (D:12)
  A water moccasin skeleton (D:5)
  29 killer bees
  5 wights (D:8)
  4 howler monkeys
  3 centaur zombies
  6 jellies
  6 hounds
  23 orc priests
  2 gnoll shamans
  Natasha (thrice) (D:2)
  5 iguanas
  38 orc wizards
  6 hell rats (Lair:3)
  A polar bear simulacrum (D:12)
  2 troll simulacra (D:12)
  17 gnolls
  4 adders
  A naga simulacrum (D:12)
  A shadow imp (D:5)
  3 white imps
  An adder skeleton (D:4)
  3 dart slugs
  76 orcs
  11 endoplasms
  4 giant cockroaches
  27 goblins
  30 hobgoblins
  3 jackals (D:1)
  3 quokkas
  6 ball pythons
  5 bats
  5 frilled lizards
  12 kobolds
  2 rats (D:1)
  A butterfly (Lair:2)
  A fungus (Lair:1)
1163 creatures vanquished.

Vanquished Creatures (others)
  A deep elf zephyrmancer (Elf:2)
  A shadow (D:10)
  2 orc wizards
  4 bushes
  55 fungi
  90 plants
153 creatures vanquished.

Grand Total: 1316 creatures vanquished

Notes
Turn   | Place    | Note
-------+----------+-------------------------------------------
     0 | D:1      | Peloso the Minotaur Fighter began the quest for the Orb.
     0 | D:1      | Reached XP level 1. HP: 19/19 MP: 0/0
    86 | D:1      | Reached XP level 2. HP: 20/27 MP: 1/1
   491 | D:1      | Reached skill level 4 in Shields
   491 | D:1      | Reached XP level 3. HP: 33/33 MP: 2/2
   595 | D:1      | Found Dueborr's Antique Armour Emporium.
   869 | D:1      | Found a faded altar of an unknown god.
  1122 | D:2      | Noticed Natasha
  1134 | D:2      | Killed Natasha
  1135 | D:2      | Reached XP level 4. HP: 29/40 MP: 3/3
  1177 | D:2      | Noticed Natasha
  1184 | D:2      | Killed Natasha
  1245 | D:2      | Noticed Natasha
  1250 | D:2      | Killed Natasha
  1251 | D:2      | Reached skill level 1 in Dodging
  1310 | D:2      | Reached XP level 5. HP: 46/46 MP: 4/4
  1328 | D:2      | You fall into a shaft and drop 2 floors!
  1961 | D:3      | Found a burning altar of Makhleb.
  2129 | D:3      | Identified the +8 plate armour of Knowledge {Rampage rCorr
                  | Str-2 SInv}
  2253 | D:4      | Noticed a black bear
  2274 | D:4      | Killed a black bear
  2275 | D:4      | Reached skill level 5 in Long Blades
  2275 | D:4      | Reached skill level 5 in Armour
  2275 | D:4      | Reached XP level 6. HP: 53/53 MP: 5/5
  2304 | D:4      | Found a shimmering blue altar of Sif Muna.
  3344 | D:5      | Entered Level 5 of the Dungeon
  3456 | D:5      | Noticed a sky beast
  3466 | D:5      | Killed a sky beast
  3616 | D:5      | Reached XP level 7. HP: 50/60 MP: 6/6
  3816 | D:5      | Reached skill level 5 in Shields
  4132 | D:5      | Reached skill level 5 in Fighting
  4633 | D:6      | Noticed a yak
  4640 | D:6      | Noticed a yak
  4641 | D:6      | Noticed a yak
  4646 | D:6      | Killed a yak
  4647 | D:6      | Reached XP level 8. HP: 58/69 MP: 7/7
  5991 | D:7      | Noticed Menkaure
  6000 | D:7      | Killed Menkaure
  6001 | D:7      | Reached XP level 9. HP: 75/75 MP: 8/8
  6085 | D:7      | Noticed a centaur warrior
  6086 | D:7      | Noticed Plasmagod's ghost (novice DECj)
  6087 | D:7      | Noticed a cyclops
  6133 | D:7      | Reached skill level 10 in Long Blades
  6439 | D:7      | Found a transporter.
  6442 | D:7      | Found a transporter.
  6522 | D:7      | Found a blossoming altar of Fedhas.
  6726 | D:7      | Reached skill level 6 in Shields
  6759 | D:7      | Reached XP level 10. HP: 52/86 MP: 9/9
  6973 | D:7      | Found a staircase to the Ecumenical Temple.
  7106 | Temple   | Entered the Ecumenical Temple
  7133 | Temple   | Became a worshipper of Warmaster Okawaru
  7208 | D:7      | Identified the +1 scale mail of Intuition {rElec Int+5
                  | Slay-6}
  7436 | D:7      | Noticed a deep elf pyromancer
  7444 | D:7      | Killed a deep elf pyromancer
  7445 | D:7      | Reached skill level 10 in Armour
  7445 | D:7      | Reached skill level 7 in Shields
  7886 | D:8      | Noticed a two-headed ogre
  7897 | D:8      | Killed a two-headed ogre
  7897 | D:8      | Reached * piety under Okawaru
  7901 | D:8      | Reached skill level 8 in Shields
  7918 | D:8      | Identified the amulet of Jaibydoy {Acrobat rC- Will++}
  8177 | D:8      | Noticed a manticore
  8180 | D:8      | Noticed a five-headed hydra
  8193 | D:8      | HP: 4/86 [steam dragon (7)]
  8335 | D:9      | Noticed a death yak
  8344 | D:9      | Noticed a death yak
  8345 | D:9      | Noticed a death yak
  8357 | D:9      | Killed a death yak
  8364 | D:9      | Killed a death yak
  8364 | D:9      | Reached ** piety under Okawaru
  8365 | D:9      | Reached skill level 9 in Shields
  8377 | D:9      | Killed a death yak
  8386 | D:9      | Reached XP level 11. HP: 49/94 MP: 10/10
  8401 | D:9      | Found a flagged portal.
  8579 | Bailey   | Entered a bailey
  8779 | Bailey   | Reached skill level 10 in Shields
  8889 | Bailey   | Noticed an orc knight
  8891 | Bailey   | Noticed an orc knight
  8955 | Bailey   | Killed an orc knight
  9189 | Bailey   | Noticed an orc knight
  9217 | Bailey   | Killed an orc knight
  9218 | Bailey   | Reached skill level 1 in Invocations
  9261 | Bailey   | Killed an orc knight
  9295 | Bailey   | Reached skill level 1 in Evocations
  9505 | Bailey   | Noticed an orc knight
  9557 | Bailey   | Noticed an orc warlord
  9574 | Bailey   | Killed an orc warlord
  9574 | Bailey   | Reached *** piety under Okawaru
  9575 | Bailey   | Reached skill level 11 in Shields
  9917 | Bailey   | Killed an orc knight
 10680 | D:9      | Found a staircase to the Lair.
 11117 | D:9      | Found Zitidesk's Jewellery Shop.
 11436 | D:10     | Entered Level 10 of the Dungeon
 11749 | D:10     | Found a broken altar of Ashenzari.
 11806 | D:10     | Noticed a two-headed ogre
 11817 | D:10     | Killed a two-headed ogre
 11956 | D:10     | Reached skill level 12 in Shields
 12250 | D:10     | Reached XP level 12. HP: 98/104 MP: 12/12
 12262 | D:10     | Reached **** piety under Okawaru
 13063 | Lair:1   | Entered Level 1 of the Lair of Beasts
 13118 | Lair:1   | Noticed a six-headed hydra
 13323 | D:11     | Noticed Josephine
 13341 | D:10     | Killed Josephine
 13416 | D:10     | Reached ***** piety under Okawaru
 13561 | D:11     | Reached skill level 10 in Fighting
 13743 | D:11     | Found a staircase to the Orcish Mines.
 13868 | D:11     | Received a gift from Okawaru
 13869 | D:11     | Reached skill level 13 in Shields
 14077 | Orc:1    | Entered Level 1 of the Orcish Mines
 14077 | Orc:1    | Noticed Nergalle
 14077 | Orc:1    | Found Nioch's Magic Scroll Emporium.
 14091 | D:11     | Killed Nergalle
 14092 | D:11     | Reached skill level 1 in Stealth
 14379 | Orc:1    | Bought 3 scrolls of identify for 102 gold pieces
 14379 | Orc:1    | Bought a scroll of teleportation for 51 gold pieces
 14492 | Orc:2    | Entered Level 2 of the Orcish Mines
 14505 | Orc:2    | Found an iron altar of Okawaru.
 14626 | Orc:2    | Found a staircase to the Elven Halls.
 15666 | Orc:2    | Noticed an orc high priest
 16105 | Orc:2    | Killed an orc high priest
 16294 | Orc:2    | Found Micve's Antique Armour Shop.
 16294 | Orc:2    | Found Fuffiun's Jewellery Shop.
 16307 | Orc:2    | Reached skill level 14 in Shields
 16307 | Orc:2    | Found Gailap's Antique Weapon Boutique.
 16312 | Orc:2    | Found Wudibeig's Antique Weapon Boutique.
 16323 | Orc:2    | Bought a runed falchion for 180 gold pieces
 16581 | Orc:2    | Noticed Sonja
 16625 | Orc:2    | Reached XP level 13. HP: 90/115 MP: 11/13
 16629 | Orc:2    | Killed Sonja
 16883 | Orc:2    | Noticed Jorgrun
 16901 | Orc:2    | Killed Jorgrun
 17296 | Orc:1    | Noticed Erica
 17313 | Orc:1    | Killed Erica
 17941 | Lair:1   | Reached skill level 15 in Long Blades
 18183 | Lair:1   | Reached skill level 15 in Shields
 18251 | Lair:1   | HP: 4/116 [poisoned by a cane toad]
 19732 | Lair:2   | Received a gift from Okawaru
 20063 | Lair:3   | Reached skill level 16 in Shields
 20260 | Lair:3   | Reached XP level 14. HP: 74/127 MP: 15/15
 20565 | Lair:3   | Identified the +4 flail "Latto" {freeze, rPois Int+2}
 21180 | Lair:4   | Noticed kalagan's ghost (journeyman DECj)
 21181 | Lair:4   | Found a runed translucent door.
 21311 | Lair:4   | Found a staircase to the Snake Pit.
 21933 | Lair:4   | Found a staircase to the Swamp.
 22054 | Lair:4   | Reached ****** piety under Okawaru
 22054 | Lair:4   | Received a gift from Okawaru
 22403 | Lair:4   | Reached skill level 17 in Shields
 22836 | D:12     | Noticed Kirke
 22855 | D:12     | Killed Kirke
 22903 | D:12     | Noticed Gastronok
 23015 | D:12     | Found a frozen archway.
 23177 | IceCv    | Entered an ice cave
 23921 | IceCv    | Noticed a frost giant
 23938 | IceCv    | Received a gift from Okawaru
 23939 | IceCv    | Reached skill level 15 in Armour
 23950 | IceCv    | Reached skill level 18 in Shields
 23962 | IceCv    | Killed a frost giant
 24138 | IceCv    | Got the Volume of Companions and Clay
 24574 | D:12     | Found a runed translucent door.
 24581 | D:12     | Noticed a sphinx
 24582 | D:12     | Found a runed translucent door.
 24586 | D:12     | Noticed a lich
 24587 | D:12     | Noticed Condegh's ghost (journeyman FeSu)
 24589 | D:12     | Noticed a tengu reaver
 24785 | D:12     | Found a runed translucent gate.
 24786 | D:12     | Found the +9 staff of Olgreb {rPois∞}
 24791 | D:12     | Found a runed translucent door.
 24813 | D:12     | Found a runed translucent gate.
 24813 | D:12     | Found a runed translucent gate.
 25078 | D:12     | Found a runed translucent door.
 25096 | D:12     | Killed Gastronok
 25306 | D:13     | Reached XP level 15. HP: 120/137 MP: 12/16
 26840 | D:13     | Identified the +1 long sword "Beetleslayer" {drain, rN+
                  | MP-9 Str+3 Stlth+} (Okawaru gifted it to you on level 13 of
                  | the Dungeon)
 26840 | D:13     | Received a gift from Okawaru
 26878 | D:14     | Found a gate to the Vaults.
 27172 | D:14     | Reached skill level 19 in Shields
 27964 | D:15     | Entered Level 15 of the Dungeon
 28043 | D:15     | Identified the +4 fustibalus of Selloxint {freeze, rF++
                  | Will-} (Okawaru gifted it to you on level 15 of the
                  | Dungeon)
 28043 | D:15     | Received a gift from Okawaru
 28240 | D:15     | Found a staircase to the Depths.
 30087 | Lair:5   | Found a one-way gate to the infinite horrors of the Abyss.
 30089 | Lair:5   | Found a transporter.
 30093 | Lair:5   | Noticed Mumum's ghost (journeyman DrFE)
 30112 | Lair:5   | Reached skill level 20 in Shields
 30119 | Lair:5   | Found a transporter.
 30140 | Lair:5   | Received a gift from Okawaru
 30141 | Lair:5   | Reached XP level 16. HP: 143/147 MP: 16/18
 30274 | Lair:5   | Noticed Nessos
 30286 | Lair:5   | Killed Nessos
 30999 | Lair:6   | Entered Level 6 of the Lair of Beasts
 31053 | Lair:6   | Reached skill level 15 in Fighting
 31053 | Lair:6   | Reached skill level 1 in Maces & Flails
 31053 | Lair:6   | Reached skill level 1 in Crossbows
 31053 | Lair:6   | Reached skill level 1 in Unarmed Combat
 31053 | Lair:6   | Reached XP level 17. HP: 145/156 MP: 19/19
 31177 | Lair:6   | Found a gate leading to a gauntlet.
 31241 | Gauntlet | Entered a Gauntlet
 31241 | Gauntlet | Found a large runed translucent door.
 31241 | Gauntlet | Found a large runed translucent door.
 31241 | Gauntlet | Found a large runed translucent door.
 31241 | Gauntlet | Found a large runed translucent door.
 31241 | Gauntlet | Found a runed translucent door.
 31241 | Gauntlet | Found a large runed translucent door.
 31241 | Gauntlet | Found a large runed translucent door.
 31241 | Gauntlet | Found a transporter.
 31241 | Gauntlet | Found a transporter.
 31241 | Gauntlet | Found a large runed translucent door.
 31241 | Gauntlet | Found a large runed translucent door.
 31241 | Gauntlet | Found a runed translucent gate.
 31241 | Gauntlet | Found a runed translucent gate.
 31241 | Gauntlet | Found a transporter.
 31245 | Gauntlet | Found a runed translucent door.
 31246 | Gauntlet | Found a large runed translucent door.
 31246 | Gauntlet | Found a large runed translucent door.
 31246 | Gauntlet | Found a large runed translucent door.
 31246 | Gauntlet | Found a large runed translucent door.
 31247 | Gauntlet | Found a large runed translucent door.
 31247 | Gauntlet | Found a large runed translucent door.
 31248 | Gauntlet | Found a large runed translucent door.
 31248 | Gauntlet | Found a large runed translucent door.
 31257 | Gauntlet | Found a runed translucent gate.
 31263 | Gauntlet | Found a transporter.
 31277 | Gauntlet | Found a transporter.
 31281 | Gauntlet | Found a transporter.
 31295 | Gauntlet | Found a transporter.
 31316 | Gauntlet | Found a transporter.
 31321 | Gauntlet | Found a transporter.
 31325 | Gauntlet | Found a transporter.
 31339 | Gauntlet | Found a transporter.
 31343 | Gauntlet | Found a transporter.
 31763 | Gauntlet | Gained mutation: You are dopey. (Int -2) [a neqoxec]
 31774 | Gauntlet | Identified the ring "Esat Mib" {Fire Dex+3 Stlth+}
 31782 | Gauntlet | Lost mutation: You are dopey. (Int -2) [potion of mutation]
 31782 | Gauntlet | Gained mutation: You are frail. (-10% HP) [potion of
                  | mutation]
 31782 | Gauntlet | Gained mutation: You are occasionally teleported next to
                  | monsters. [potion of mutation]
 31782 | Gauntlet | Gained mutation: You have very sharp teeth. [potion of
                  | mutation]
 31782 | Gauntlet | Gained mutation: Your spells are a little harder to cast,
                  | but a little more powerful. [potion of mutation]
 31783 | Gauntlet | Lost mutation: You are frail. (-10% HP) [potion of
                  | mutation]
 31783 | Gauntlet | Lost mutation: Your spells are a little harder to cast, but
                  | a little more powerful. [potion of mutation]
 31783 | Gauntlet | Gained mutation: Your mind is acute. (Int +2) [potion of
                  | mutation]
 31784 | Gauntlet | Lost mutation: You have very sharp teeth. [potion of
                  | mutation]
 31784 | Gauntlet | Lost mutation: You are occasionally teleported next to
                  | monsters. [potion of mutation]
 31784 | Gauntlet | Lost mutation: Your mind is acute. (Int +2) [potion of
                  | mutation]
 31784 | Gauntlet | Gained mutation: You sometimes lose the ability to read
                  | scrolls when taking damage. [potion of mutation]
 31784 | Gauntlet | Gained mutation: You are frail. (-10% HP) [potion of
                  | mutation]
 31784 | Gauntlet | Gained mutation: Your spells are a little easier to cast,
                  | but a little less powerful. [potion of mutation]
 31784 | Gauntlet | Gained mutation: Your natural rate of healing is unusually
                  | fast. [potion of mutation]
 31785 | Gauntlet | Lost mutation: Your spells are a little easier to cast, but
                  | a little less powerful. [potion of mutation]
 31785 | Gauntlet | Lost mutation: Your natural rate of healing is unusually
                  | fast. [potion of mutation]
 31785 | Gauntlet | Gained mutation: You have a somewhat thin skeletal
                  | structure. (Dex +2, Stealth+) [potion of mutation]
 31785 | Gauntlet | Gained mutation: You are partially covered in iridescent
                  | scales. (AC +2) [potion of mutation]
 31785 | Gauntlet | Gained mutation: You are dopey. (Int -2) [potion of
                  | mutation]
 31802 | Gauntlet | Identified the +9 arbalest "Pih Inwer" {freeze, rF++ rCorr
                  | Dex+2}
 32560 | Lair:6   | Found a staircase to the Slime Pits.
 32922 | Lair:6   | Reached skill level 21 in Shields
 33356 | Lair:6   | Identified the +7 long sword "Ubrept" {vorpal, rElec Will+
                  | SInv} (Okawaru gifted it to you on level 6 of the Lair of
                  | Beasts)
 33356 | Lair:6   | Received a gift from Okawaru
 33456 | Lair:6   | Identified the +2 chain mail of the Old and Reckless {Drain
                  | rElec Dex+3}
 33610 | Lair:6   | Identified the +9 double sword of the Priest {freeze, rElec
                  | rN+}
 34767 | D:7      | Killed Plasmagod's ghost
 35156 | D:12     | Identified the +3 kite shield of Leaves {rF+ Will++ Dex+4}
                  | (Okawaru gifted it to you on level 12 of the Dungeon)
 35156 | D:12     | Received a gift from Okawaru
 35171 | D:12     | Killed a lich
 35190 | D:12     | Killed Condegh's ghost
 35719 | Lair:4   | Killed kalagan's ghost
 35808 | Lair:5   | Killed Mumum's ghost
 36746 | Elf:1    | Entered Level 1 of the Elven Halls
 36787 | Elf:1    | Found a radiant altar of Vehumet.
 36904 | Elf:1    | Reached XP level 18. HP: 151/151 MP: 20/20
 37305 | Elf:1    | Reached skill level 22 in Shields
 37324 | Elf:1    | Identified the +3 great sword "Olamumaff" {flame, rCorr
                  | Str+4}
 37682 | Elf:1    | Got Sif Muna's Collected Works on Arcane Weapons and
                  | Companions
 37837 | Elf:2    | Found Duaca's Weapon Boutique.
 38235 | Elf:2    | Paralysed by an air elemental for 1 turns
 38300 | Elf:2    | Received a gift from Okawaru
 38365 | Elf:2    | Found a runed translucent gate.
 38366 | Elf:2    | Found a runed translucent gate.
 38366 | Elf:2    | Found a runed translucent gate.
 38463 | Elf:2    | Got the Volume of Confrontation
 38646 | Elf:3    | Entered Level 3 of the Elven Halls
 38722 | Elf:3    | Reached skill level 5 in Dodging
 39788 | Elf:3    | Noticed Aizul
 39796 | Elf:3    | Killed Aizul
 40016 | Elf:3    | Received a gift from Okawaru
 40120 | Elf:3    | Identified the ring "Ritt" {rF++ rCorr MP+9 Str-3 Int+2}
 40122 | Elf:3    | Identified the +7 hand axe of Yzosuoh {venom, Fly Stlth+}
 40131 | Elf:3    | Identified the +8 battleaxe of the Distant Future {venom,
                  | rCorr}
 41755 | Elf:3    | Identified the +7 tower shield "Baostap" {rN+ Will++}
                  | (Okawaru gifted it to you on level 3 of the Elven Halls)
 41755 | Elf:3    | Received a gift from Okawaru
 41813 | Elf:3    | Identified the ring "Zumonlam" {rPois rCorr Str+3}
 41888 | Elf:3    | Reached skill level 23 in Shields
 41956 | Elf:3    | Found the +3 giant club "Skullcrusher" {speed, Str+7}
 42026 | Elf:3    | Reached XP level 19. HP: 131/161 MP: 21/21
 42452 | Elf:3    | Got the Catalogue of the Oath
 42453 | Elf:3    | Identified the +1 scale mail of the Red Skies {rF+ Will+}
 42482 | Elf:3    | Identified the ring of Zin's Righteous Fury {rElec Will+}
 42485 | Elf:3    | Got the Papyrus of Scorching Transmigration
 42888 | Snake:1  | Entered Level 1 of the Snake Pit
 43652 | Snake:1  | Noticed Mlioglotl
 43664 | Snake:1  | Killed Mlioglotl
 46553 | Snake:3  | Noticed Azrael
 46563 | Snake:3  | Identified the +1 robe of Futoegao {Int+2 SInv Stlth+}
                  | (Okawaru gifted it to you on level 3 of the Snake Pit)
 46563 | Snake:3  | Received a gift from Okawaru
 46571 | Snake:3  | Killed Azrael
 46587 | Snake:3  | Mangled by a salamander

Illustrated notes

Levels and vault maps discovered:
D:1:      minmay_arrival_wavy_path, layout_rooms, serial_shops,
          nicolae_lakefront_shop, chequers_ecumenical_altar_grove
D:2:      layout_rooms, uniq_natasha
D:3:      layout_basic, lightli_temple_of_fire
D:4:      layout_basic, mainiacjoe_overflow_concentric_impassable,
          minmay_goblin_kobold_house
D:5:      layout_loops_ring, cheibrodos_gnoll_hut
D:6:      layout_basic, lemuel_another_geyser
D:7:      layout_basic, fedhas_altar_3, minmay_temple_entry_mini_moons,
          gammafunk_ghost_arena, minmay_misc_feat_alley,
          guppyfry_early_elven_hall, uniq_menkaure
D:8:      minmay_bloctagon, layout_cave_pods, minivault_19
D:9:      layout_gridville, dpeg_lair_monsters, serial_shops,
          nicolae_shop_trees, lightli_bailey_entry_fortress
D:10:     minmay_octagon_keep, layout_stronghold, nicolae_ashenzari_skybound,
          minmay_misc_feat_encased, nrook_uturn, feat_on_display
D:11:     layout_long_grid, minmay_orc_entry_guard_dogs, uniq_josephine
D:12:     layout_basic, muffindrake_ghost_dual_entry,
          portal_ice_cave_entry_ice_simulacra,
          minmay_guarded_unrand_staff_of_olgreb, uniq_kirke, uniq_gastronok
D:13:     layout_roguey, special_room [special_room_bee]
D:14:     layout_irregular_city, erik_vaults_1
D:15:     hangedman_depths_entry_civil_slaughter, layout_basic,
          grunt_decor_mini_mirrors
Temple:   eino_narrow_crystal_temple
Lair:1:   layout_long_grid, wad_woods_02
Lair:2:   layout_loops_ring, lemuel_fruit_fields
Lair:3:   layout_chaotic_city
Lair:4:   layout_cave_pods, palyth_hydra_swamp_entry,
          minmay_snake_entry_guardpost_medium, serial_rivers,
          chequers_serial_rivers_micro_e, chequers_serial_rivers_small_b,
          chequers_serial_rivers_room_a, chequers_serial_rivers_micro_d,
          hellmonk_ghost_happy_afterlife
Lair:5:   layout_long_grid, gammafunk_ghost_abyssal_escape, uniq_nessos
Lair:6:   guppyfry_lair_end_dragon, layout_regular_city,
          hangedman_lair_in_review, nicolae_slime_entry_slimehenge,
          gauntlet_entry_generic, nicolae_lair_run_with_the_wolves,
          serial_bayou_shore_b
Snake:1:  layout_honeycomb, nicolae_snake_gridmaze_tees, uniq_mlioglotl
Snake:2:  nrook_guardian_serpent_snake_passage, layout_misc_corridors,
          serial_bayou_shore_a
Snake:3:  layout_cave_shapes, guppyfry_snake_island, uniq_azrael
Orc:1:    layout_caves, serial_shops, shop, uniq_nergalle, uniq_erica
Orc:2:    st_orc_mages, layout_caves, okawaru_metal_pillars_1_2, uniq_jorgrun,
          uniq_sonja
Elf:1:    eino_elf_arrival_altar, layout_rooms, minmay_elf_sorcery
Elf:2:    nicolae_elf_blades_crystal_corner, layout_geoelf_octagon,
          serial_shops, nicolae_shop_bloodbath_and_beyond,
          minmay_elf_annihilation
Elf:3:    grunt_elf_hall_branching, layout_geoelf_castle, uniq_aizul

Skill      XL: |  1  2  3  4  5  6  7  8  9 10 11 12 13 14 15 16 17 18 19 |
---------------+----------------------------------------------------------+-----
Armour         | 4 5 6 7 8 9 11 12 13 14 15 16 18 | 18.4
Fighting       | 4 5 6 7 8 9 10 12 13 14 15 16 18 | 18.9
Shields        | 4 5 6 9 12 14 16 18 20 21 23 | 23.6
Long Blades    | 3 4 5 8 9 11 12 13 14 15 16 17 18 19 20 | 20.4
Dodging        | 1 2 3 4 5 |  5.2
Invocations    | 1 2 3 4 |  4.4
Evocations     | 1 |  1.9
Stealth        | 1 2 |  2.4
Maces & Flails | 1 |  1.0
Crossbows      | 1 |  1.0
Unarmed Combat | 1 |  1.0
Short Blades   | |  0.5
Axes           | |  0.6
Polearms       | |  0.6
Staves         | |  0.6
Slings         | |  0.5
Bows           | |  0.5
Throwing       | |  0.4
Spellcasting   | |  0.2
Conjurations   | |  0.2
Hexes          | |  0.2
Summonings     | |  0.2
Necromancy     | |  0.2
Translocations | |  0.5
Transmutations | |  0.3
Fire Magic     | |  0.2
Ice Magic      | |  0.2
Air Magic      | |  0.2
Earth Magic    | |  0.3
Poison Magic   | |  0.2

Action                   |  1- 3 |  4- 6 |  7- 9 | 10-12 | 13-15 | 16-18 | 19-21 || total
-------------------------+-------+-------+-------+-------+-------+-------+-------++-------
Melee: Long sword        |    88 |   144 |   284 |   640 |       |    29 |       ||  1185
       Headbutt          |     9 |    28 |    56 |   249 |   429 |   271 |    82 ||  1124
       Scimitar          |       |       |       |   313 |   567 |   194 |       ||  1074
       Falchion          |       |       |       |    34 |   991 |     8 |       ||  1033
       Double sword      |       |       |       |       |       |   597 |   302 ||   899
       Demon blade       |       |       |       |       |       |   178 |       ||   178
Invok: Heroism           |       |       |       |    36 |    27 |    13 |     1 ||    77
       Finesse           |       |       |       |     1 |     1 |     1 |       ||     3
Evoke: Wand              |       |       |       |    15 |     1 |     9 |       ||    25
  Use: Scroll            |     4 |     4 |     2 |    16 |     5 |     4 |       ||    35
       Potion            |     2 |       |     1 |     7 |     1 |    10 |     3 ||    24
 Stab: Invisible         |       |       |       |       |       |     1 |       ||     1
       Distracted        |       |       |       |       |       |       |     1 ||     1
Armor: Scale mail        |    46 |     3 |       |       |       |       |       ||    49
       Chain mail        |       |    34 |       |       |       |       |       ||    34
       Plate armour      |       |    75 |   143 |   432 |   595 |   423 |   108 ||  1776
Dodge: Dodged            |    40 |    46 |    35 |   180 |   337 |   234 |    67 ||   939
Block: Buckler           |    13 |    35 |    23 |       |       |       |       ||    71
       Tower shield      |       |       |    52 |   809 |       |       |       ||   861
       Kite shield       |       |       |       |   199 |  1195 |   795 |   282 ||  2471
